 Dungeon Crawl Stone Soup version 0.29.0-13-gc9e81de378 (webtiles) character file.

Game seed: 17443571496369887449

2152 sanka the Fighter (level 9, -7/82 HPs)
             Began as a Palentonga Transmuter on Sept 9, 2022.
             Was an Elder of Zin.
             Mangled by a wyvern (12 damage)
             ... on level 7 of the Dungeon.
             The game lasted 00:13:45 (8739 turns).

sanka the Fighter (Palentonga Transmuter)           Turns: 8739, Time: 00:13:46

Health: -7/82      AC: 19    Str: 20    XL:     9   Next: 10%
Magic:  12/12      EV:  6    Int: 15    God:    Zin [****..]
Gold:   360        SH:  0    Dex: 11    Spells: 9/12 levels left

rFire   x . .      SeeInvis +   m - +9 short sword of Edamudghu {freeze, rF- rN+ Will+ Int+2}
rCold   + . .      Faith    .   (no shield)
rNeg    + + .      Spirit   .   n - +2 chain mail {rC+}
rPois   .          Reflect  .   (no helmet)
rElec   .          Harm     .   z - +0 cloak
rCorr   .          Rampage  .   g - +0 pair of gloves
Will    +....                   (no barding)
Stlth   ..........              (no amulet)
HPRegen 0.23/turn               (no ring)
MPRegen 0.13/turn               k - ring of positive energy

@: curled up
A: large, rugged brown scales 3, see invisible, deformed body, roll 1, armoured
tail, reflexive curl
a: Rolling Charge, Renounce Religion, Recite, Vitalisation, Imprison, Donate
Gold


You were on level 7 of the Dungeon.
You worshipped Zin.
Zin was greatly pleased with you.
You visited 1 branch of the dungeon, and saw 7 of its levels.
You also visited: Sewer.

You collected 400 gold pieces.
You donated 40 gold pieces to Zin.


Innate Abilities, Weirdness & Mutations

You are completely covered in rugged brown scales. (AC +3, +7% HP)
You have supernaturally acute eyesight. (SInv)
Armour fits poorly on your strangely shaped body.
You can roll at nearby foes to attack.
You have a long armoured tail.
You curl defensively after being hit. (AC +7*)


   Skills:
 + Level 9.4 Fighting
 + Level 3.9 Armour
 - Level 1.5 Dodging
 - Level 3.0 Unarmed Combat
 - Level 2.0 Spellcasting
 - Level 2.6 Transmutations
 - Level 1.1 Poison Magic
 + Level 5.2 Invocations


You had 9 spell levels left.
You knew the following spells:

 Your Spells              Type           Power      Damage    Failure   Level
y - Wereblood             Tmut           9%         N/A       75%         2
z - Beastly Appendage     Tmut           18%        N/A       58%         1

Your spell library contained the following spells:

 Spells                   Type           Power      Damage    Failure   Level
 Spider Form              Tmut/Pois      7%         N/A       97%         3
 Summon Guardian Golem    Hex/Summ       1%         N/A       100%        3
 Ice Form                 Ice/Tmut       5%         N/A       100%        4
 Petrify                  Tmut/Erth      5%         N/A       100%        4
 Metabolic Englaciation   Hex/Ice        0%         N/A       100%        5
 Statue Form              Tmut/Erth      3%         N/A       100%        6
 Orb of Destruction       Conj           0%         9d5       100%        7
 Spellforged Servitor     Conj/Summ      0%         N/A       100%        7

Inventory:

Hand Weapons
 m - the +9 short sword of Edamudghu (weapon) {freeze, rF- rN+ Will+ Int+2}

   It freezes those it strikes, dealing additional cold damage.
   It can also slow down cold-blooded creatures.
   Int:       It affects your intelligence (+2).
   rF:        It makes you vulnerable to fire.
   rN:        It protects you from negative energy.
   Will:      It increases your willpower.
Missiles
 l - a throwing net {=f}
 r - a curare-tipped dart {=f}
Armour
 g - a +0 pair of gloves (worn)
 n - a +2 chain mail of cold resistance (worn)
 z - a +0 cloak (worn)
 A - a +3 leather armour of fire resistance
Magical Staves
 y - a staff of fire
 D - a staff of cold
Jewellery
 k - a ring of positive energy (right hand)
Wands
 a - a wand of quicksilver (18)
 p - a wand of paralysis (19)
 q - a wand of mindburst (12)
 w - a wand of flame (28)
Scrolls
 d - 2 scrolls of fog {unknown}
 e - 3 scrolls of teleportation {unknown}
 i - a scroll of torment {unknown}
 j - 5 scrolls of identify {unknown}
 o - a scroll of enchant armour {unknown}
 v - a scroll of magic mapping {unknown}
 x - a scroll of enchant weapon {unknown}
 C - a scroll of summoning {unknown}
Potions
 b - 2 potions of lignification {!q}
 c - 4 potions of curing {@q1}
 f - 4 potions of degeneration {unknown}
 h - 4 potions of mutation {unknown}
 s - a potion of heal wounds {@q2}
 t - 2 potions of flight
 u - 3 potions of berserk rage {unknown}
 B - a potion of cancellation {unknown}

Dungeon Overview and Level Annotations

Branches:
Dungeon (7/15)             Temple (0/1) D:5           Sewer (visited)

Altars:
Fedhas
Gozag
Nemelex Xobeh
Okawaru
Sif Muna
Trog
Yredelemnul
Zin

Shops:
D:1 * D:6

! ▒▒▒▒▒▒▒▒▒▒▒▒
...........▒▒▒▒▒▒▒▒▒▒▒▒
......................▒
..▒▒▒▒▒▒▒▒.▒▒▒▒▒......▒
..▒▒▒▒▒▒ ▒.▒ ▒H▒▒▒...▒
........
▒...£.l.....▒..
......▒▒
▒..▒▒▒▒.▒.▒....
...▒▒.▒▒.▒..▒ ▒..... ▒.
........ ...▒ ▒▒▒ ▒▒.
...▒▒.▒▒..... ▒
......... ▒........
▒.▒▒▒.▒▒▒▒▒▒


You could see a wyvern.


Message History

The wyvern bites you.
You closely miss the wyvern.
The wyvern is severely wounded.
The wyvern bites you!
* * * LOW HITPOINT WARNING * * *
You hit the wyvern. You freeze the wyvern.
The wyvern is almost dead.
The wyvern barely misses you. The wyvern bites you!
* * * LOW HITPOINT WARNING * * *
You barely miss the wyvern.
The wyvern is almost dead.
The wyvern bites you!
* * * LOW HITPOINT WARNING * * *
The wyvern bites you but does no damage.
You hit the wyvern but do no damage.
The wyvern is almost dead.
The wyvern bites you.
* * * LOW HITPOINT WARNING * * *
The wyvern bites you!
* * * LOW HITPOINT WARNING * * *
The wyvern bites you but does no damage.
You barely miss the wyvern.
Your tail-slap misses the wyvern.
The wyvern is almost dead.
The wyvern bites you!
* * * LOW HITPOINT WARNING * * *
The wyvern bites you!
You die...

Action                   |  1- 3 |  4- 6 |  7- 9 || total
-------------------------+-------+-------+-------++-------
Melee: Unarmed           |    78 |     4 |       ||    82
       Headbutt          |     2 |       |       ||     2
       Tailslap          |    11 |     7 |    26 ||    44
       Kick              |     3 |       |       ||     3
       Punch             |     1 |     2 |     3 ||     6
       Short sword       |       |    73 |   272 ||   345
 Cast: Beastly Appendage |    10 |       |       ||    10
Invok: Recite            |       |       |     3 ||     3
 Abil: Rolling Charge    |     2 |     2 |    14 ||    18
Evoke: Wand              |       |       |     5 ||     5
  Use: Potion            |       |       |     2 ||     2
Armor: Robe              |    14 |       |       ||    14
       Scale mail        |    17 |     7 |       ||    24
       Chain mail        |       |    34 |   189 ||   223
Dodge: Dodged            |    31 |    14 |    70 ||   115

Levels and vault maps discovered:
D:1:      mainiacjoe_arrival_reflecting_pool, layout_basic,
          hellmonk_ecumenical_altar_watching_god, serial_shops, shop,
          st_stairs_6
D:2:      layout_rooms, kennysheep_generic_room_8, uniq_jessica
D:3:      layout_loops_ring, uniq_crazy_yiuf_cottage, uniq_natasha,
          uniq_terence, uniq_sigmund
D:4:      layout_basic, lemuel_doored_altar, uniq_duvessa, uniq_menkaure
D:5:      layout_loops_ring, minmay_temple_entry_antechambers, uniq_eustachio
D:6:      layout_cave_pods, mainiacjoe_overflow_six_doors_small,
          nicolae_overflow_hallway_of_the_gods, serial_shops,
          nicolae_take_the_stairs, gup_sewer_entry_bubbles
D:7:      layout_loops_ring

Notes
Turn   | Place    | Note
-------+----------+-------------------------------------------
     0 | D:1      | sanka the Palentonga Transmuter began the quest for the
                  | Orb.
     0 | D:1      | Reached XP level 1. HP: 16/16 MP: 3/3
   118 | D:1      | Found Cerhodila's General Store.
   179 | D:1      | Reached XP level 2. HP: 12/22 MP: 3/5
   211 | D:1      | Reached skill level 1 in Poison Magic
   498 | D:1      | Learned a level 2 spell: Wereblood
   719 | D:1      | Noticed a golden eye
   722 | D:1      | Found a faded altar of an unknown god.
   724 | D:1      | Noticed a floating eye
   724 | D:1      | Noticed a great orb of eyes
   724 | D:1      | Noticed an eye of devastation
   788 | D:1      | Prayed at the altar of an unknown god.
   788 | D:1      | Became a worshipper of Zin the Law-Giver
   788 | D:1      | Reached * piety under Zin
  1014 | D:1      | Reached ** piety under Zin
  1392 | D:2      | Reached XP level 3. HP: 21/28 MP: 6/6
  1483 | D:2      | Reached skill level 2 in Fighting
  1551 | D:2      | Noticed Jessica
  1646 | D:2      | Killed Jessica
  1844 | D:2      | Identified the +9 short sword of Edamudghu {freeze, rF- rN+
                  | Will+ Int+2}
  1888 | D:1      | Reached skill level 3 in Fighting
  1888 | D:1      | Reached XP level 4. HP: 37/37 MP: 7/7
  2379 | D:3      | Noticed Terence
  2393 | D:3      | Killed Terence
  2703 | D:3      | Noticed Natasha
  2707 | D:3      | Killed Natasha
  2708 | D:3      | Reached skill level 4 in Fighting
  2708 | D:3      | Reached XP level 5. HP: 38/44 MP: 8/8
  2820 | D:3      | Reached *** piety under Zin
  2821 | D:3      | Reached skill level 5 in Fighting
  2887 | D:3      | Noticed Sigmund
  2891 | D:3      | Killed Sigmund
  2892 | D:3      | Reached skill level 6 in Fighting
  2892 | D:3      | Reached XP level 6. HP: 53/55 MP: 9/9
  3156 | D:6      | Gained mutation: You curl defensively after being hit. (AC
                  | +7*) [Palentonga growth]
  3156 | D:6      | Reached XP level 7. HP: 58/63 MP: 10/10
  3209 | D:6      | Found a glowing drain.
  3212 | D:6      | Reached skill level 7 in Fighting
  3220 | Sewer    | Entered a sewer
  3475 | Sewer    | Found a white marble altar of Elyvilon.
  3688 | D:6      | Found a basalt altar of Yredelemnul.
  3693 | D:6      | Found an opulent altar of Gozag.
  3696 | D:6      | Found a bloodstained altar of Trog.
  3696 | D:6      | Found a sparkling altar of Nemelex Xobeh.
  3703 | D:6      | Found a shimmering blue altar of Sif Muna.
  3722 | D:6      | Found Natoru's Distillery.
  3777 | D:6      | Reached skill level 8 in Fighting
  3816 | D:6      | Found an iron altar of Okawaru.
  3919 | D:6      | Identified the +1 leather armour "Ruwnuete" {Rampage Int+2}
  3940 | D:6      | Reached skill level 1 in Armour
  3940 | D:6      | Reached skill level 1 in Invocations
  4387 | D:6      | Reached skill level 2 in Invocations
  4796 | D:5      | Entered Level 5 of the Dungeon
  4894 | D:4      | Reached XP level 8. HP: 52/73 MP: 11/11
  5070 | D:4      | Found a blossoming altar of Fedhas.
  5168 | D:4      | Noticed Duvessa
  5169 | D:4      | Noticed Dowan
  5188 | D:5      | Reached skill level 2 in Armour
  5324 | D:5      | Reached skill level 3 in Invocations
  5409 | D:4      | Killed Duvessa
  5616 | D:4      | Killed Dowan
  5933 | D:4      | Noticed Menkaure
  6572 | D:4      | Killed Menkaure
  6573 | D:4      | Reached skill level 3 in Armour
  6573 | D:4      | Reached skill level 4 in Invocations
  6616 | D:4      | Reached **** piety under Zin
  6964 | D:3      | Noticed Natasha
  6967 | D:3      | Killed Natasha
  7094 | D:3      | Reached skill level 9 in Fighting
  7107 | D:3      | Noticed Natasha
  7110 | D:3      | Killed Natasha
  7154 | D:3      | Found a runed translucent door.
  7155 | D:3      | Noticed Crazy Yiuf
  7160 | D:3      | Killed Crazy Yiuf
  7591 | D:5      | Noticed Eustachio
  7730 | D:5      | Killed Eustachio
  8140 | D:5      | Found a staircase to the Ecumenical Temple.
  8433 | D:7      | Reached skill level 5 in Invocations
  8433 | D:7      | Reached XP level 9. HP: 81/81 MP: 12/12
  8739 | D:7      | HP: 5/82 [wyvern (10)]
  8739 | D:7      | Mangled by a wyvern

Vanquished Creatures
  Sigmund (D:3)
  Eustachio (D:5)
  Menkaure (D:4)
  Duvessa (D:4)
  An ogre (D:5)
  2 phantoms
  A kobold brigand (Sewer)
  2 bullfrogs
  5 scorpions
  2 necrophages
  Dowan (D:4)
  Crazy Yiuf (D:3)
  2 gnoll boudas
  An orc priest (D:7)
  Jessica (D:2)
  2 iguanas (D:5)
  Terence (D:3)
  Natasha (thrice) (D:3)
  4 orc wizards
  14 gnolls
  5 adders
  4 river rats (Sewer)
  A shadow imp (D:6)
  A worm (D:2)
  11 dart slugs
  11 orcs
  5 bats
  7 endoplasms
  5 giant cockroaches
  5 goblins
  8 hobgoblins
  4 jackals
  11 kobolds
  4 quokkas
  7 ball pythons
  5 frilled lizards
  9 rats
150 creatures vanquished.

Vanquished Creatures (others)
  A fungus (D:3)
1 creature vanquished.

Grand Total: 151 creatures vanquished
